 Dungeon Crawl Stone Soup version 0.31-a0-1549-g5ff9445e89 (webtiles) character file.

Game seed: 666221476669504760

67785 grandjackal the Frost Mage (level 15, -6/127 HPs)
             Began as a Merfolk Ice Elementalist on Jan 2, 2024.
             Was the Champion of Qazlal.
             Mangled by a lindwurm simulacrum (12 damage)
             ... in an ice cave.
             The game lasted 00:38:42 (23794 turns).

grandjackal the Frost Mage (MfIE)                  Turns: 23794, Time: 00:38:42

Health: -6/127     AC: 13    Str: 14    XL:     15   Next: 24%
Magic:  19/25      EV: 15    Int: 14    God:    Qazlal [******]
Gold:   1310       SH: 13    Dex: 17    Spells: 7/18 levels left

rFire   . . .        R - +7 demon trident (vamp)
rCold   . . .        C - +0 buckler
rNeg    . . .        F - +0 swamp dragon scales
rPois   +            t - +0 helmet
rElec   .            Q - +0 cloak
rCorr   .            N - +0 pair of gloves
SInv    .            (no boots)
Will    +....        (no amulet)
Stlth   +            y - ring of wizardry
HPRegen 0.41/turn    B - ring of poison resistance
MPRegen 0.19/turn

%: repel missiles, wizardry (x1)
@: protected from physical damage, very slightly contaminated
A: (nimble swimmer 2), mertail
a: Renounce Religion, Upheaval, Elemental Force, Disaster Area


You were in an ice cave.
You worshipped Qazlal.
Qazlal was exalted by your worship.
You visited 3 branches of the dungeon, and saw 21 of its levels.
You also visited: Ice Cave.

You collected 1938 gold pieces.
You spent 628 gold pieces at shops.

Inventory:

Hand Weapons
 E - the +4 trident of the Many Spirits {flame, rF+ rC- rN+++ Str+2}
   (You bought it in a shop on level 5 of the Dungeon)

   Str+2:     It affects your strength (+2).
   rF+:       It protects you from fire.
   rC-:       It makes you vulnerable to cold.
   rN+++:     It renders you almost immune to negative energy.
 R - a +7 vampiric demon trident (weapon)
Armour
 t - a +0 helmet (worn)
 C - a +0 buckler (worn)
 F - +0 swamp dragon scales (worn)
 N - a +0 pair of gloves (worn)
 Q - a +0 cloak (worn)
Jewellery
 k - a ring of positive energy
 l - a ring of resist corrosion
 s - a ring of see invisible
 y - a ring of wizardry (left hand)
 B - a ring of poison resistance (right hand)
 D - a ring of willpower
 G - a ring of ice
 O - a ring of willpower
 V - a +6 ring of strength
Wands
 x - a wand of paralysis (18)
 I - a wand of iceblast (10)
 L - a wand of flame (21)
 M - a wand of mindburst (5)
 T - a wand of acid (5)
 U - a wand of digging (3)
Scrolls
 c - 3 scrolls of revelation
 d - 4 scrolls of fog
 f - 4 scrolls of identify
 h - 6 scrolls of amnesia {unknown}
 q - 4 scrolls of immolation {unknown}
 r - a scroll of brand weapon
 u - 9 scrolls of teleportation {unknown}
 v - 4 scrolls of enchant armour {unknown}
 w - 7 scrolls of poison {unknown}
 A - 3 scrolls of fear {unknown}
 H - a scroll of torment {unknown}
 K - 3 scrolls of blinking
 S - a scroll of enchant weapon
Potions
 a - 2 potions of brilliance
 b - 2 potions of magic
 e - 2 potions of degeneration {unknown}
 g - a potion of invisibility
 i - 3 potions of curing
 j - 3 potions of haste
 m - 5 potions of heal wounds
 n - 6 potions of might
 o - 6 potions of enlightenment
 p - a potion of berserk rage
 z - a potion of ambrosia
 J - a potion of attraction
 P - 2 potions of cancellation


   Skills:
 + Level 14.4 Fighting
 - Level 14.1 Polearms
 + Level 10.6 Dodging
 - Level 2.1 Stealth
 - Level 4.1 Shields
 - Level 2.0 Spellcasting
 - Level 14.4 Ice Magic
 + Level 3.2 Air Magic
 + Level 14.3 Invocations


You had 7 spell levels left.
You knew the following spells:

 Your Spells              Type           Power      Damage    Failure   Level
a - Freeze                Ice            100%       1d10      1%          1
b - Frozen Ramparts       Ice            82%        1d13      1%          3
c - Ozocubu's Armour      Ice            41%        N/A       1%          3
d - Airstrike             Air            5%         2d(1-17)  54%         4

Your spell library contained the following spells:

 Spells                   Type           Power      Damage    Failure   Level
 Summon Ice Beast         Ice/Summ       21%        N/A       4%          3
 Shock                    Conj/Air       20%        1d4       14%         1
 Static Discharge         Conj/Air       10%        3-4/arc   21%         2
 Swiftness                Air            10%        N/A       21%         3
 Apportation              Tloc           2%         N/A       26%         1
 Kiss of Death            Conj/Necr      4%         2d5       26%         1
 Magic Dart               Conj           4%         1d3       26%         1
 Necrotise                Necr           4%         1d4       26%         1
 Slow                     Hex            4%         N/A       26%         1
 Sting                    Conj/Alch      4%         1d3       26%         1
 Summon Small Mammal      Summ           4%         N/A       26%         1
 Cigotuvi's Dreadful Rot  Necr/Alch/Air  8%         N/A       26%         2
 Blink                    Tloc           2%         N/A       36%         2
 Call Imp                 Summ           2%         N/A       36%         2
 Sublimation of Blood     Necr           1%         N/A       36%         2
 Call Canine Familiar     Summ           1%         N/A       58%         3
 Confusing Touch          Hex            1%         N/A       58%         3
 Sigil of Binding         Hex            1%         N/A       58%         3
 Vampiric Draining        Necr           1%         2d6       58%         3
 Summon Lightning Spire   Summ/Air       5%         N/A       77%         4
 Dimensional Bullseye     Hex/Tloc       0%         N/A       92%         4
 Dispel Undead            Necr           1%         3d6       92%         4
 Martyr's Knell           Necr/Summ      1%         N/A       92%         4
 Passage of Golubria      Tloc           1%         N/A       92%         4
 Petrify                  Alch/Erth      1%         N/A       92%         4
 Summon Blazeheart Golem  Fire/Summ      1%         N/A       92%         4
 Silence                  Hex/Air        2%         N/A       97%         5
 Irradiate                Conj/Alch      0%         3d11      99%         5
 Summon Forest            Summ/Tloc      0%         N/A       99%         5
 Summon Mana Viper        Hex/Summ       1%         N/A       99%         5
 Conjure Ball Lightning   Conj/Air       2%         3x3d6     100%        6
 Death Channel            Necr           0%         N/A       100%        6
 Summon Cactus Giant      Summ           0%         N/A       100%        6
 Orb of Destruction       Conj           0%         9d5       100%        7
 Spellforged Servitor     Conj/Summ      0%         N/A       100%        7
 Discord                  Hex            0%         N/A       100%        8
 Disjunction              Tloc           0%         N/A       100%        8
 Lehudib's Crystal Spear  Conj/Erth      0%         10d2      100%        8


Dungeon Overview and Level Annotations

Branches:
Dungeon (14/15)            Temple (0/1) D:4            Lair (5/5) D:11
 Shoals (0/4) Lair:3       Spider (0/4) Lair:3        Slime (0/5) Lair:5
    Orc (2/2) D:12            Elf (0/3) Orc:2         IceCv (1/1)
 Vaults: D:13-14

Altars:
Ashenzari
Fedhas
Hepliaklqana
Makhleb
Qazlal
Trog
Vehumet
Zin
Jiyva

Shops:
D:4 [   D:5 (   D:6 :((   D:13 (   Orc:1 ?   Orc:2 !!*([

Annotations:
D:11 1 transporter, Sundig's ghost, journeyman MiFi
Lair:2 1 runed translucent door, demibob's ghost, journeyman DECK


Innate Abilities, Weirdness & Mutations

((You are very nimble when in or above water. (Stealth+, EV+, Speed+++)))
Your lower body shifts to a powerful aquatic tail in water.


Message History

The ice dragon claws you! You block the ice dragon's attack.
Unknown command.
You hit the ice dragon but do no damage.
The ice dragon is severely wounded.
The ice dragon simulacrum bites you but does no damage.
The ice dragon simulacrum claws you.
* * * LOW HITPOINT WARNING * * *
The ice dragon simulacrum freezes you!
* * * LOW HITPOINT WARNING * * *
The ice dragon simulacrum tramples you but does no damage.
You block the lindwurm simulacrum's attack.
The lindwurm simulacrum closely misses you. x2
You puncture the ice dragon!
You feel better.
The ice dragon is almost dead.
You block the ice dragon's attack.
The ice dragon claws you but does no damage.
The ice dragon barely misses you.
Unknown command.
You impale the ice dragon!!
You kill the ice dragon!
Qazlal accepts your kill.
You block the ice dragon simulacrum's attack. x2
The ice dragon simulacrum misses you.
The lindwurm simulacrum bites you but does no damage.
The lindwurm simulacrum claws you but does no damage.
The lindwurm simulacrum claws you.
* * * LOW HITPOINT WARNING * * *
The lindwurm simulacrum freezes you!
* * * LOW HITPOINT WARNING * * *
You barely miss the lindwurm simulacrum.
The lindwurm simulacrum is severely damaged.
You hear a deafening roar!
Unknown command.
You hit the lindwurm simulacrum.
The lindwurm simulacrum is almost destroyed.
The ice dragon simulacrum is engulfed in a thunderstorm.
The ice dragon simulacrum vaporises!
Qazlal accepts your kill. The lindwurm simulacrum bites you!
You die...

#####
##...##
##°☼@..##
#..Z†§..#
#.°°○°..#
##..°..##
##...##
#...#
##...
#...#
....#


You could see a lindwurm simulacrum.

Vanquished Creatures
  Saint Roka (Orc:2)
  2 hydras
  An ice dragon (IceCv)
  2 two-headed ogres (D:12)
  3 boulder beetles
  5 centaur warriors
  Erica (D:8)
  2 catoblepae
  An orc high priest (Orc:2)
  Lodul (D:14)
  A skyshark (Lair:4)
  A skeletal warrior (D:11)
  2 lindwurms
  3 orc knights (Orc:2)
  3 ugly things
  3 cyclopes
  An oklob plant (Lair:3)
  An orc sorcerer (Orc:2)
  3 manticores
  A meliai (shapeshifter) (D:13)
  3 elephants (Lair:3)
  An eye of devastation (Lair:5)
  6 black mambas
  A kobold blastminer (Orc:2)
  Joseph (D:8)
  A storm dragon simulacrum (IceCv)
  13 cane toads
  Maggie (D:6)
  6 gargoyles
  A kobold demonologist (D:13)
  A rime drake (Lair:3)
  An unseen horror (D:13)
  A rime drake (shapeshifter) (D:13)
  10 komodo dragons
  7 polar bears
  5 trolls
  A glass eye (Lair:5)
  Prince Ribbit (D:8)
  6 hornets
  21 blink frogs
  A dream sheep (Lair:5)
  4 shadows
  13 spriggans (Lair:5)
  2 wraiths (D:11)
  Sigmund (D:5)
  3 wyverns
  26 yaks
  6 basilisks
  A redback (Lair:3)
  A steam dragon (D:8)
  A warg (Orc:2)
  Menkaure (D:6)
  16 water moccasins
  Duvessa (D:6)
  3 acid dragons
  39 orc warriors
  10 black bears
  2 sky beasts
  36 wolves
  2 ice dragon simulacra (IceCv)
  14 ogres
  4 boggarts (Lair:5)
  11 centaurs
  A phantom (D:7)
  13 bullfrogs
  5 kobold brigands
  A gnoll sergeant (D:9)
  4 scorpions
  3 wights (D:10)
  Dowan (D:6)
  2 lindwurm simulacra (IceCv)
  4 killer bees
  3 bombardier beetles
  7 howler monkeys
  A lava snake (Lair:5)
  2 hounds
  A jelly (D:7)
  29 orc priests
  Ijyb (D:3)
  3 iguanas
  31 orc wizards
  A sleepcap (D:6)
  11 gnolls
  6 adders
  2 shadow imps
  A white imp (D:6)
  2 ufetubi (D:7)
  2 ribbon worms (D:3)
  4 dart slugs
  120 orcs
  2 ball pythons
  4 bats
  6 endoplasms
  A giant cockroach (D:2)
  9 goblins
  5 hobgoblins
  4 jackals (D:2)
  2 quokkas
  2 frilled lizards
  28 kobolds
  5 rats
653 creatures vanquished.

Vanquished Creatures (others)
  An orc (Orc:1)
1 creature vanquished.

Grand Total: 654 creatures vanquished

Notes
Turn   | Place    | Note
-------+----------+-------------------------------------------
     0 | D:1      | grandjackal the Merfolk Ice Elementalist began the quest
                  | for the Orb.
     0 | D:1      | Reached XP level 1. HP: 13/13 MP: 3/3
   237 | D:1      | Reached XP level 2. HP: 16/20 MP: 5/5
   401 | D:1      | Reached skill level 1 in Fighting
  1154 | D:2      | Reached skill level 1 in Polearms
  1154 | D:2      | Reached XP level 3. HP: 11/26 MP: 2/6
  1426 | D:2      | Learned a level 3 spell: Frozen Ramparts
  1619 | D:3      | Found a stormy altar of Qazlal.
  1681 | D:3      | Became a worshipper of Qazlal Stormbringer
  1688 | D:3      | Found a faded altar of an unknown god.
  1691 | D:3      | Identified the +1 chain mail "Muivirot" {Regen+ Dex+3
                  | Stlth+}
  1747 | D:3      | Identified the +10 mace of Vodka {heavy, *Rage *Noise Str+7
                  | Dex+3}
  1768 | D:3      | Reached XP level 4. HP: 33/33 MP: 7/7
  2368 | D:3      | Noticed Ijyb
  2372 | D:3      | Paralysed by Ijyb for 2 turns
  2378 | D:3      | Killed Ijyb
  2379 | D:3      | Reached skill level 5 in Ice Magic
  2637 | D:4      | Reached skill level 1 in Invocations
  2637 | D:4      | Reached XP level 5. HP: 38/38 MP: 4/8
  2970 | D:4      | Reached * piety under Qazlal
  3138 | D:4      | Found a staircase to the Ecumenical Temple.
  3150 | D:4      | Reached XP level 6. HP: 32/46 MP: 5/9
  3478 | D:4      | Found a burning altar of Makhleb.
  3802 | D:4      | Found Exauch's Armour Boutique.
  3817 | D:4      | Learned a level 3 spell: Ozocubu's Armour
  3870 | D:5      | Entered Level 5 of the Dungeon
  3904 | D:5      | Reached XP level 7. HP: 44/52 MP: 1/10
  4394 | D:5      | Found Daverov's Antique Weapon Boutique.
  4539 | D:5      | Found a hazy altar of Hepliaklqana.
  4551 | D:5      | Noticed Sigmund
  4571 | D:5      | Killed Sigmund
  4572 | D:5      | Reached skill level 5 in Polearms
  4871 | D:5      | Reached XP level 8. HP: 61/61 MP: 7/11
  5182 | D:5      | Bought a pitted trident for 178 gold pieces
  5182 | D:5      | Identified the +4 trident of the Many Spirits {flame, rF+
                  | rC- rN+++ Str+2} (You bought it in a shop on level 5 of the
                  | Dungeon)
  5195 | D:6      | Found Agushrul's Weapon Shoppe.
  5198 | D:6      | Noticed Menkaure
  5205 | D:6      | Killed Menkaure
  5305 | D:6      | Reached skill level 5 in Fighting
  5496 | D:6      | Noticed Maggie
  5518 | D:6      | Killed Maggie
  5519 | D:6      | Reached skill level 1 in Shields
  5608 | D:6      | Reached ** piety under Qazlal
  5621 | D:6      | Reached skill level 5 in Invocations
  6082 | D:6      | Reached XP level 9. HP: 40/69 MP: 12/12
  6222 | D:6      | Found a broken altar of Ashenzari.
  6306 | D:6      | Found Weseesch's Weapon Shop.
  6573 | D:6      | Identified the +8 mace of Reinforcement {vamp, rPois Str+4}
  6641 | D:6      | Noticed a walking crystal tome
  6643 | D:6      | Found Ilifip's Book Shoppe.
  6645 | D:6      | Noticed a walking divine tome
  6680 | D:6      | Noticed Duvessa
  6680 | D:6      | Noticed Dowan
  6688 | D:6      | Killed Duvessa
  6691 | D:6      | Killed Dowan
  6811 | D:7      | Found the +7 sceptre of Torment {pain, torment}
  7855 | D:8      | Noticed Prince Ribbit
  7860 | D:8      | Killed Prince Ribbit
  7916 | D:8      | Found a radiant altar of Vehumet.
  7922 | D:8      | Noticed Joseph
  7929 | D:8      | Noticed Erica
  7955 | D:8      | Killed Erica
  7956 | D:8      | Reached XP level 10. HP: 35/79 MP: 4/15
  8177 | D:8      | Killed Joseph
  8465 | D:8      | Reached *** piety under Qazlal
  9204 | D:9      | Reached skill level 10 in Polearms
  9271 | D:9      | Reached XP level 11. HP: 71/87 MP: 17/17
  9366 | D:9      | Found a blossoming altar of Fedhas.
  9366 | D:9      | Found a glowing silver altar of Zin.
  9546 | D:9      | Reached **** piety under Qazlal
  9548 | D:9      | Reached skill level 10 in Ice Magic
  9791 | D:10     | Entered Level 10 of the Dungeon
 10963 | D:11     | Found a transporter.
 10964 | D:11     | Noticed Sundig's ghost (journeyman MiFi)
 10964 | D:11     | Noticed a two-headed ogre
 10965 | D:11     | Noticed a two-headed ogre
 10965 | D:11     | Identified the +1 dire flail "Woewkuec" {protect, +Blink
                  | rPois Int+2}
 10965 | D:11     | Identified the +1 great mace of Ruination {heavy, Will+
                  | Str+5}
 10965 | D:11     | Noticed a two-headed ogre
 10968 | D:11     | Noticed a two-headed ogre
 11308 | D:11     | Noticed a skeletal warrior
 11336 | D:11     | Killed a skeletal warrior
 11544 | D:11     | Found a staircase to the Lair.
 12326 | D:11     | Noticed a manticore
 12339 | D:11     | Killed a manticore
 12436 | D:11     | Noticed a manticore
 12773 | D:11     | Noticed a brown ugly thing
 12787 | D:11     | Reached skill level 10 in Fighting
 12803 | D:11     | Killed a brown ugly thing
 12811 | D:11     | Reached XP level 12. HP: 20/97 MP: 12/19
 13317 | D:12     | Noticed a boulder beetle
 13363 | D:12     | Killed a boulder beetle
 13364 | D:12     | Reached skill level 10 in Invocations
 13722 | D:12     | Noticed a two-headed ogre
 13729 | D:12     | Killed a two-headed ogre
 13928 | D:12     | Found a staircase to the Orcish Mines.
 13930 | D:12     | Noticed a two-headed ogre
 13938 | D:12     | Killed a two-headed ogre
 14048 | D:12     | Noticed a boulder beetle
 14074 | D:12     | HP: 4/99 [boulder beetle (47)]
 14082 | D:12     | Killed a boulder beetle
 14762 | Orc:1    | Entered Level 1 of the Orcish Mines
 15243 | Orc:1    | Found Ugerriat's Magic Scroll Boutique.
 15475 | D:6      | Bought a +2 demon trident of venom for 450 gold pieces
 15645 | Orc:2    | Entered Level 2 of the Orcish Mines
 15834 | Orc:2    | Reached ***** piety under Qazlal
 16186 | Orc:2    | Noticed an orc high priest
 16191 | Orc:2    | Noticed a sun demon
 16197 | Orc:2    | Killed an orc high priest
 16230 | Orc:2    | Noticed Saint Roka
 16265 | Orc:2    | Killed Saint Roka
 16266 | Orc:2    | Reached XP level 13. HP: 72/106 MP: 16/21
 16314 | Orc:2    | Found Noirhon's Antique Weapon Boutique.
 16319 | Orc:2    | Found Umpihan's Antique Armour Shop.
 16392 | Orc:2    | Found Ysal's Assorted Antiques.
 16476 | Orc:2    | Found Oserch's Distillery.
 16676 | Orc:2    | Found a staircase to the Elven Halls.
 16694 | Orc:2    | Found Cetuurug's Distillery.
 17125 | Lair:1   | Entered Level 1 of the Lair of Beasts
 18131 | Lair:2   | Found a runed translucent door.
 18132 | Lair:2   | Identified the +2 spear of In Flagrante Delicto {antimagic,
                  | rC+ Dex+4}
 18134 | Lair:2   | Noticed demibob's ghost (journeyman DECK)
 18361 | Lair:2   | Reached skill level 5 in Dodging
 19178 | Lair:3   | Found a staircase to the Shoals.
 19369 | Lair:3   | Reached XP level 14. HP: 71/116 MP: 20/23
 19516 | Lair:3   | Found a hole to the Spider Nest.
 20454 | Lair:4   | Learned a level 4 spell: Airstrike
 21055 | Lair:5   | Entered Level 5 of the Lair of Beasts
 21284 | Lair:5   | Reached ****** piety under Qazlal
 21725 | Lair:5   | Found a viscous altar of Jiyva.
 21725 | Lair:5   | Found a staircase to the Slime Pits.
 21760 | Lair:5   | Reached skill level 1 in Air Magic
 22805 | D:13     | Reached XP level 15. HP: 94/125 MP: 25/25
 23052 | D:13     | Found Tyask's Antique Weapon Emporium.
 23126 | D:13     | Reached skill level 10 in Dodging
 23303 | D:14     | Noticed Lodul
 23322 | D:14     | Killed Lodul
 23563 | D:14     | Found a bloodstained altar of Trog.
 23741 | D:14     | Found a frozen archway.
 23752 | IceCv    | Entered an ice cave
 23792 | IceCv    | HP: 6/127 [lindwurm simulacrum (15)]
 23794 | IceCv    | Mangled by a lindwurm simulacrum

Illustrated notes

Levels and vault maps discovered:
D:1:      mrwooster_arrival_statue_3, layout_loops_ring,
          chequers_serial_rivers_micro_b, bh_walls_and_bars
D:2:      layout_loops_corners, grunt_ministairs_13, serial_park_tiny_2,
          cheibrodos_gnoll_hut
D:3:      layout_rooms, nicolae_qazlal_scattered_showers,
          hellmonk_ecumenical_altar_pennies_from_heaven, dreamdust_wishing_well,
          reono_crystal_passage, kennysheep_generic_room_5, uniq_ijyb
D:4:      layout_loops_corners, lightli_temple_of_fire,
          minmay_temple_entry_glassed_door, serial_shops, nicolae_shop_stone,
          minmay_door_square, kennysheep_pointless_box
D:5:      layout_basic, mainiacjoe_overflow_24_doors, serial_shops, shop,
          serial_park_tiny_1, uniq_sigmund
D:6:      layout_basic, lemuel_tele_altar, serial_shops, nicolae_shop_trees,
          nicolae_shop_bloodbath_and_beyond, nicolae_shop_mannequins,
          uniq_duvessa, uniq_menkaure, uniq_maggie
D:7:      layout_loops_ring
D:8:      layout_rooms, nicolae_overflow_hidden_temple, item_on_display_a,
          uniq_erica, uniq_prince_ribbit1, uniq_joseph
D:9:      layout_cave_pools, gammafunk_temple_overflow_statue, evilmike_butchery
D:10:     layout_stronghold
D:11:     minmay_clustersquares, layout_loops_corners,
          due_lair_maze_entry_diamond, gammafunk_ghost_smash, special_room
          [special_room_orc], kennysheep_donut, minivault_24
D:12:     layout_roguey, orc_0_dummy, nicolae_figureground_sparkle
D:13:     layout_roguey, nicolae_stop_n_shop_1
D:14:     layout_loops_ring, grunt_vaults_entry_tiered,
          portal_ice_cave_entry_pillars_1, bloody_trog,
          ebering_ghost_rock_garden, feat_on_display, uniq_lodul
Lair:1:   layout_loops_ring
Lair:2:   layout_long_grid, ebering_ghost_funeral_grove
Lair:3:   layout_cave_shapes, minmay_shoals_entry_centaurs,
          spider_nest_entry_webs, dreamdust_deal_with_the_devil,
          chequers_serial_rivers_small_3
Lair:4:   layout_cave_pods, serial_bayou_shore_b
Lair:5:   minmay_lair_end_enchanted_forest, layout_gridlike,
          minmay_slime_entry_eyes
Orc:1:    layout_caves, serial_shops, nicolae_shop_back_alley_shop,
          nicolae_orc_crystal_geode
Orc:2:    grunt_orc_community_town_hall, layout_caves,
          grunt_orc_community_big_house_1, grunt_orc_community_big_house_1,
          grunt_orc_community_house_3, grunt_orc_community_house_3,
          grunt_orc_community_house_1, grunt_orc_community_house_1,
          grunt_orc_community_house_1, serial_shops, shop
IceCv:    ice_cave_small_dragons

Skill      XL: |  1  2  3  4  5  6  7  8  9 10 11 12 13 14 15 |
---------------+----------------------------------------------+-----
Dodging        | 3 4 6 9 10 | 10.6
Fighting       | 1 2 3 4 5 7 8 10 11 12 14 | 14.4
Polearms       | 1 2 3 4 5 6 8 10 11 13 14 | 14.1
Ice Magic      | 5 6 7 8 9 11 12 13 14 | 14.4
Invocations    | 1 2 3 5 7 8 9 11 12 13 14 | 14.3
Shields        | 2 4 |  4.1
Air Magic      | 2 3 |  3.2
Stealth        | |  2.1
Spellcasting   | |  2.0

Action                     |  1- 3 |  4- 6 |  7- 9 | 10-12 | 13-15 || total
---------------------------+-------+-------+-------+-------+-------++-------
  Melee: Unarmed           |    10 |       |       |       |       ||    10
         Spear             |    82 |   129 |    50 |       |       ||   261
         Punch             |       |     3 |     3 |       |       ||     6
         Trident           |       |       |   206 |   535 |       ||   741
         Demon trident     |       |       |       |   161 |  1063 ||  1224
   Cast: Freeze            |    19 |    28 |     6 |       |       ||    53
         Frozen Ramparts   |       |     8 |    25 |    40 |    11 ||    84
         Ozocubu's Armour  |       |       |    11 |    21 |    34 ||    66
 Invoke: Upheaval          |       |       |       |     4 |     1 ||     5
         Disaster Area     |       |       |       |       |     1 ||     1
  Evoke: Wand              |       |       |       |    20 |       ||    20
    Use: Potion            |       |     1 |     1 |     7 |     1 ||    10
         Scroll            |       |       |       |    18 |     1 ||    19
   Stab: Sleeping          |     5 |     3 |       |       |       ||     8
         Paralysed         |       |       |       |     3 |       ||     3
         Invisible         |       |       |       |     6 |     6 ||    12
 Armour: Robe              |    40 |    56 |   142 |    88 |       ||   326
         Swamp dragon scal |       |       |       |   172 |   390 ||   562
  Dodge: Dodged            |    49 |    77 |   142 |   162 |   280 ||   710
         Repelled          |       |       |       |     7 |     5 ||    12
  Block: Other             |       |     1 |    17 |       |       ||    18
         Buckler           |       |       |     6 |   196 |   457 ||   659

Table legend: (Time is in decaauts)
 A = Elapsed time spent in this place.
 B = Non-inter-level travel time spent in this place.
 C = Inter-level travel time spent in this place.
 D = Time resting spent in this place.
 E = Time spent auto-exploring this place.
 F = Levels seen in this place.
 G = Mean time per level.
                   A        B        C        D        E       F      G
               +--------+--------+--------+--------+--------+-----+--------+
         Total |  23227 |  21984 |   1243 |   4714 |  13342 |  22 | 1055.8 |
       Dungeon |  16478 |  15537 |    941 |   3737 |   9248 |  14 | 1177.0 |
          Lair |   4984 |   4784 |    200 |    599 |   3262 |   5 |  996.8 |
  Orcish Mines |   1735 |   1633 |    102 |    378 |    832 |   2 |  867.5 |
      Ice Cave |     30 |     30 |      0 |      0 |      0 |   1 |   30.0 |
               +--------+--------+--------+--------+--------+-----+--------+

Top non-repeatable levels by time:
    D:11: 2631 daAuts
     D:6: 1659 daAuts
    D:12: 1578 daAuts
     D:5: 1312 daAuts
     D:4: 1304 daAuts
     D:7: 1284 daAuts
  Lair:4: 1158 daAuts
  Lair:5: 1123 daAuts
    D:10: 1120 daAuts
  Lair:2: 1056 daAuts
     D:8: 1030 daAuts
   Orc:2: 943 daAuts
     D:3: 936 daAuts
  Lair:1: 888 daAuts
     D:2: 869 daAuts
